 Dungeon Sprint DCSS version 0.21-a0-278-ga722497 (webtiles) character file.

103 vatarom the Slasher (level 4, -3/39 HPs)
             Began as a Demonspawn Monk on Sept 21, 2017.
             Killed from afar by Sigmund (8 damage)
             ... with a magic dart
             ... in the Dungeon (Sprint I: "Red Sonja").
             The game lasted 00:01:21 (348 turns).

vatarom the Slasher (Demonspawn Monk)                Turns: 348, Time: 00:01:21

Health: -3/39      AC:  3    Str: 12    XL:     4   Next: 51%
Magic:  4/4        EV: 14    Int: 11    God:
Gold:   54         SH:  0    Dex: 16    Spells: 3/3 levels left

rFire    . . .     SeeInvis .   a - +0 falchion
rCold    . . .     Gourm    .   (no shield)
rNeg     . . .     Faith    .   e - +0 leather armour {rPois}
rPois    +         Spirit   .   (helmet restricted)
rElec    .         Reflect  .   (no cloak)
rCorr    .         Harm     .   (no gloves)
MR       .....     NoTele   +   (no boots)
Stlth    ++........             (no amulet)
HPRegen  0.13/turn              (no ring)
MPRegen  0.09/turn              (no ring)

@: berserk cooldown, hasted, very quick
A: horns 1
a: no special abilities


You were in the Dungeon.
You were not hungry.

You visited 1 branch You collected 54 gold pieces.

Inventory:

Hand Weapons
 a - a +0 falchion (weapon)
Armour
 e - a +0 leather armour of poison resistance (worn)
Scrolls
 i - a scroll of blinking
Potions
 g - 2 potions of magic
Comestibles
 c - a bread ration


   Skills:
 + Level 5.3 Fighting
 * Level 6.4 Long Blades
 + Level 4.8 Dodging
 - Level 1.7 Stealth


You had 3 spell levels left.
You didn't know any spells.

Dungeon Overview and Level Annotations

Branches:
Dungeon (1/1)

Altars:

Annotations:
D Sigmund


Innate Abilities, Weirdness & Mutations

You have a pair of small horns on your head.


Message History

You miss something. Something hits you but does no damage.
You bump into the rock wall.
You hit something but do no damage. Something hits you!
* * * LOW HITPOINT WARNING * * *
You barely miss something.
You bump into the rock wall.
You feel less confused.
You hit something but do no damage. Something hits you.
* * * LOW HITPOINT WARNING * * *
Your magic is already full.
Unknown command.
You miss something. You headbutt something. You closely miss something.
You hear a zap.
Something tries to affect you, but you resist.
You barely miss something. Your headbutt misses something.
You hear some strange, mumbled words.
A magic dart appears from out of thin air!
The magic dart hits you!
You die...

#############
#<.#..').#..+
#..'[.#..@{.#
#..#####'####
#..# #..#
#..# ####
#..# #⌠⌠#
####


There were no monsters in sight!

Vanquished Creatures
  An ogre (D)
  Ijyb (D)
2 creatures vanquished.

Notes
Turn   | Place    | Note
-------+----------+-------------------------------------------
     0 | D        | vatarom the Demonspawn Monk began the quest for the Orb.
     0 | D        | Reached XP level 1. HP: 18/18 MP: 1/1
    12 | D        | Noticed Ijyb
    40 | D        | Killed Ijyb
    40 | D        | Reached skill level 4 in Long Blades
    40 | D        | Gained mutation: You have a pair of small horns on your head. [demonic ancestry]
    40 | D        | Reached XP level 2. HP: 5/25 MP: 2/2
   304 | D        | Noticed an ogre
   307 | D        | Killed an ogre
   307 | D        | Reached skill level 5 in Fighting
   307 | D        | Reached skill level 6 in Long Blades
   307 | D        | Reached XP level 3. HP: 33/33 MP: 3/3
   307 | D        | Reached XP level 4. HP: 39/39 MP: 4/4
   322 | D        | Noticed Sigmund
   348 | D        | Killed from afar by Sigmund

Vault maps used:
D:        dungeon_sprint_1

Skill      XL: |  1  2 |
---------------+-------+-----
Fighting       | 4 5 |  5.3
Long Blades    | 4 6 |  6.4
Dodging        | 3 4 |  4.8
Stealth        | |  1.7

Action                   |  1- 3 |  4- 6 || total
-------------------------+-------+-------++-------
Melee: Falchion          |    28 |    18 ||    46
       Headbutt          |     1 |     1 ||     2
  Use: Potion            |     2 |     2 ||     4
Armor: Robe              |     2 |       ||     2
       Leather armour    |       |     3 ||     3
Dodge: Dodged            |    13 |     4 ||    17
       Rpst.: Falchion   |     4 |     1 ||     5

Table legend:
 A = Spawn XP
 B = Non-spawn XP
 C = Spawn XP percentage of total XP
 D = Spawn monster count
 E = Non-spawn monster count
 F = Spawn count percentage of total count
 G = Total turns spent on level
                    A         B        C        D         E        F      G
               +---------+---------+-------+---------+---------+-------+---------
         Total |       0 |     148 |   0.0 |       0 |       2 |   0.0 |   348
               +---------+---------+-------+---------+---------+-------+---------
             D |       0 |     148 |   0.0 |       0 |       2 |   0.0 |   348
               +---------+---------+-------+---------+---------+-------+---------
